 Dungeon Crawl Stone Soup version 0.26-a0-651-gb41185065b (webtiles) character file.

Game seed: 982118150243621332

60 Mesmaeker13 the Skirmisher (level 4, -2/40 HPs)
             Began as a Ghoul Monk on Oct 12, 2020.
             Killed from afar by Natasha (9 damage)
             ... with a magic dart
             ... on level 2 of the Dungeon.
             The game lasted 00:01:31 (1298 turns).

Mesmaeker13 the Skirmisher (Ghoul Monk)             Turns: 1298, Time: 00:01:33

Health: -2/40      AC:  6    Str: 14    XL:     4   Next: 4%
Magic:  3/3        EV: 11    Int:  6    God:
Gold:   104        SH:  0    Dex: 11    Spells: 3/3 levels left

rFire    . . .     SeeInvis .     - Unarmed
rCold    + . .     Faith    .   (no shield)
rNeg     + + +     Spirit   .   b - +0 ring mail
rPois    ∞         Reflect  .   (no helmet)
rElec    .         Harm     .   (no cloak)
rCorr    .         Rampage  .   a - +0 pair of gloves
MR       .....                  (no boots)
Stlth    +.........             (no amulet)
HPRegen  0.00/turn              (no ring)
MPRegen  0.08/turn              (no ring)

@: slowed, very slow
A: rotting body, claws 1, cold resistance 1, negative energy resistance 3,
inhibited regeneration, torment resistance, unbreathing
a: no special abilities


You were on level 2 of the Dungeon.
You visited 1 branch of the dungeon, and saw 2 of its levels.

You collected 104 gold pieces.

Inventory:

Missiles
 c - 7 javelins (quivered)
 h - 16 poisoned darts
Armour
 a - a +0 pair of gloves (worn)
 b - a +0 ring mail (worn)
Scrolls
 d - a scroll of blinking {unknown}
 e - 2 scrolls of teleportation {unknown}
 f - a scroll of amnesia {unknown}
 i - a scroll of enchant armour {unknown}
Potions
 g - a potion of might {unknown}
 j - a potion of lignification {unknown}
 k - 2 potions of haste {unknown}


   Skills:
 + Level 4.1 Fighting
 + Level 3.3 Dodging
 - Level 2.1 Stealth
 + Level 4.0 Unarmed Combat


You had 3 spell levels left.
You didn't know any spells.
Your spell library was empty.

Dungeon Overview and Level Annotations

Branches:
Dungeon (2/15)

Altars:

Annotations:
D:2 Natasha


Innate Abilities, Weirdness & Mutations

Your body is rotting away.
You thrive by killing the living.
You are immune to poison.
You have sharp fingernails.
Your flesh is cold resistant. (rC+)
You are immune to negative energy. (rN+++)
You do not regenerate when monsters are visible.
You are immune to unholy pain and torment.
You can survive without breathing.


Message History

Natasha closely misses you. The crimson imp barely misses you.
Natasha casts a spell.
You closely miss Natasha.
Natasha is almost dead.
The crimson imp barely misses you. Natasha claws you! The crimson imp hits you.
* * * LOW HITPOINT WARNING * * *
You barely miss Natasha.
Natasha is almost dead.
Natasha claws you.
* * * LOW HITPOINT WARNING * * *
The crimson imp blinks!
Unknown command.
You barely miss Natasha.
Natasha is almost dead.
Natasha stares at you and mumbles some strange words.
You feel as though you will be slow longer.
The crimson imp hits you but does no damage.
Natasha stares at you and mumbles some strange words.
The magic dart hits you!
You die...

##############.##.#######..
#.....# #.....#
#.....#####. #...........
#.....#####. ###..## #..#
#@.# ......h§5.#
..........# # ..........#
.. ....?.....# ..
..........# .. ........>5#
.. ##........# ..


You could see Natasha and 2 crimson imps.

Vanquished Creatures
  2 adders (D:2)
  2 worms (D:2)
  A dart slug (D:1)
  5 giant cockroaches
  3 goblins
  2 hobgoblins (D:1)
  A quokka (D:2)
  12 bats (D:1)
  6 kobolds
  2 rats
36 creatures vanquished.

Notes
Turn   | Place    | Note
-------+----------+-------------------------------------------
     0 | D:1      | Mesmaeker13 the Ghoul Monk began the quest for the Orb.
     0 | D:1      | Reached XP level 1. HP: 19/19 MP: 0/0
   141 | D:1      | Reached XP level 2. HP: 26/26 MP: 1/1
   559 | D:1      | Reached XP level 3. HP: 33/33 MP: 2/2
  1240 | D:2      | Reached XP level 4. HP: 35/40 MP: 3/3
  1287 | D:2      | Noticed Natasha
  1298 | D:2      | Killed from afar by Natasha

Illustrated notes

Levels and vault maps discovered:
D:1:      tarquinn_simple_flora_water_f, layout_basic
D:2:      layout_basic, uniq_natasha

Skill      XL: |  1  2  3 |
---------------+----------+-----
Dodging        | 3 |  3.3
Fighting       | 4 |  4.1
Unarmed Combat | 4 |  4.0
Stealth        | |  2.1

Action                   |  1- 3 |  4- 6 || total
-------------------------+-------+-------++-------
Melee: Unarmed           |   140 |    10 ||   150
       Punch             |     2 |     1 ||     3
 Stab: Sleeping          |     2 |       ||     2
Armor: Robe              |     6 |       ||     6
       Ring mail         |    80 |     1 ||    81
Dodge: Dodged            |   122 |     7 ||   129

Table legend: (Time is in decaauts)
 A = Elapsed time spent in this place.
 B = Non-inter-level travel time spent in this place.
 C = Inter-level travel time spent in this place.
 D = Time resting spent in this place.
 E = Time spent auto-exploring this place.
 F = Levels seen in this place.
 G = Mean time per level.
                   A        B        C        D        E       F      G
               +--------+--------+--------+--------+--------+-----+--------+
         Total |   1291 |   1246 |     45 |     95 |    821 |   2 |  645.5 |
       Dungeon |   1291 |   1246 |     45 |     95 |    821 |   2 |  645.5 |
               +--------+--------+--------+--------+--------+-----+--------+

Top non-repeatable levels by time:
     D:1: 971 daAuts
     D:2: 319 daAuts
